 Dungeon Crawl Stone Soup version 0.17-a0-1834-gef58047 (webtiles) character file.

4684 TruthSerum the Fighter (level 10, 0/93 HPs)
             Began as a Minotaur Fighter on Sept 15, 2015.
             Was an Elder of Okawaru.
             Slain by an orc knight
             ... wielding a +0 glaive
              (11 damage)
             ... in a bailey.
             The game lasted 00:27:00 (6356 turns).

TruthSerum the Fighter (Minotaur Fighter)           Turns: 6356, Time: 00:27:02

Health: 0/93       AC: 16    Str: 25    XL:     10   Next: 21%
Magic:  22/22      EV:  8    Int:  5    God:    Okawaru [****..]
Gold:   537        SH: 12    Dex: 14    Spells: 0 memorised, 9 levels left

rFire  + . .     SeeInvis .     a - +1 flail
rCold  + . .     Clarity  +     l - +0 plate armour
rNeg   . . .     SustAt   .     c - +1 shield
rPois  +         Gourm    .     (helmet restricted)
rElec  .         Spirit   .     k - +2 cloak {rPois}
rCorr  .         Warding  .     (no gloves)
rMut   .         Stasis   .     (no boots)
MR     .....                    z - amulet of clarity
Stlth  ..........               h - ring of magical power
                                t - ring of protection from cold

@: mighty, not resistant to hostile enchantments, extremely unstealthy
A: retaliatory headbutt, horns 2, fire resistance 1, spit poison 1
a: Spit Poison, Heroism, Renounce Religion


You were in a bailey.
You worshipped Okawaru.
Okawaru was greatly pleased with you.
You were not hungry.

You visited 2 branches of the dungeon, and saw 9 of its levels.
You also visited: Ossuary and Bailey.

You collected 537 gold pieces.

Inventory:

Hand weapons
 a - a +1 flail (weapon)
Armour
 c - a +1 shield (worn)
 k - a +2 cloak of poison resistance (worn)
 l - a +0 plate armour (worn)
Jewellery
 h - a ring of magical power (right hand)
 t - a ring of protection from cold (left hand)
 z - an amulet of clarity (around neck)
Magical devices
 y - a wand of draining (6)
 H - a wand of teleportation (2)
Scrolls
 j - 6 scrolls of teleportation
 p - a scroll of fog
 u - 3 scrolls of remove curse
 v - 4 scrolls of fear
 A - 3 scrolls of amnesia
 E - a scroll of enchant weapon
 G - 2 scrolls of immolation {unknown}
Potions
 f - 2 potions of cancellation
 g - a potion of resistance
 i - a potion of ambrosia
 m - 2 potions of haste
 n - a potion of magic
 o - a potion of agility
 s - 3 potions of flight
 w - a potion of lignification
 x - 5 potions of curing
 C - a potion of berserk rage
 F - 2 potions of invisibility
 J - 2 potions of heal wounds
Comestibles
 e - 7 bread rations
 q - 7 fruits
 r - 3 meat rations
 B - 7 beef jerkies


   Skills:
 + Level 10.0 Fighting
 + Level 9.6 Maces & Flails
 - Level 6.9 Armour
 - Level 5.5 Dodging
 - Level 6.4 Shields
 + Level 5.4 Invocations


You had 9 spell levels left.
You didn't know any spells.

Dungeon Overview and Level Annotations

Branches:
Dungeon (8/15)             Temple (1/1) D:4            Lair (0/8) D:8

Altars:
Ashenzari
Cheibriados
Dithmenos
Elyvilon
Fedhas
Gozag
Kikubaaqudgha
Nemelex Xobeh
Okawaru
Qazlal
Ru
Sif Muna
Vehumet
Xom
Yredelemnul
Zin
The Shining One

Shops:
D:4 :   D:6 *


Innate Abilities, Weirdness & Mutations

You reflexively headbutt those who attack you in melee.
You have a pair of horns on your head.
Your flesh is heat resistant.
You can spit weak poison.


Message History

The orc knight is heavily wounded.
The orc knight hits you but does no damage.
You hit the orc knight but do no damage.
You headbutt the orc knight.
The orc knight is heavily wounded.
You block the orc warrior's attack. The orc knight hits you with a glaive!
* * * LOW HITPOINT WARNING * * *
Your shield and plate armour prevent you from hitting the orc knight.
The orc knight is heavily wounded.
The orc warrior hits you but does no damage.
You block the orc knight's attack.
You sock the orc knight!
The orc knight is severely wounded.
You hit the orc knight but do no damage.
You headbutt the orc knight!
The orc knight is severely wounded.
The orc warrior hits you from afar with a trident!
* * * LOW HITPOINT WARNING * * *
The orc knight hits you with a glaive!
You die...

####### ############
#####.....## ##...)....∩.##
...#o...)..######....))......#
...'....)))#)...#...)))......#
...'....))))..oo@....)))....∩#
...'....)))#)...#............#
...#g..o.).######............#
#####o....## ##........∩.##
####### ############


You could see an orc knight and an orc warrior (frenzied).

Vanquished Creatures
  Prince Ribbit (D:7)
  10 orc warriors
  2 necrophages (D:8)
  2 centaurs
  An ice beast (D:6)
  6 ogres
  2 elf zombies (Ossuary)
  A giant frog (D:7)
  2 wyvern skeletons
  6 killer bees
  3 wights (D:7)
  4 crimson imps
  6 orc priests
  2 giant frog zombies (D:5)
  2 jellies
  2 iguanas
  2 centaur skeletons
  7 human zombies (Ossuary)
  Ijyb (D:2)
  3 centaur zombies (Ossuary)
  6 orc wizards
  8 worker ants
  6 hounds
  Terence (D:2)
  A hound skeleton (D:6)
  3 mummies (Ossuary)
  A worker ant zombie (D:7)
  11 adders
  8 gnolls
  A river rat (D:8)
  2 oozes
  An adder skeleton (D:4)
  4 worms
  5 giant geckos
  58 orcs
  4 giant cockroaches
  12 hobgoblins
  2 jackals (D:8)
  A ball python (D:2)
  9 bats
  A giant gecko skeleton (D:4)
  5 giant newts
  13 goblins
  5 kobolds
  8 quokkas
  5 rats
  A fungus (D:8)
  2 plants (D:8)
249 creatures vanquished.

Vanquished Creatures (others)
  A fungus (D:8)
1 creature vanquished.

Grand Total: 250 creatures vanquished

Notes
Turn   | Place    | Note
--------------------------------------------------------------
     0 | D:1      | TruthSerum the Minotaur Fighter began the quest for the Orb.
     0 | D:1      | Reached XP level 1. HP: 19/19 MP: 0/0
   150 | D:1      | Reached XP level 2. HP: 27/27 MP: 1/1
   612 | D:1      | Gained mutation: Your flesh is heat resistant. [potion of beneficial mutation]
   887 | D:2      | Noticed Ijyb
   888 | D:2      | Noticed Terence
   888 | D:2      | Reached skill level 1 in Dodging
   919 | D:2      | Killed Ijyb
   919 | D:2      | Reached skill level 4 in Fighting
   919 | D:2      | Reached XP level 3. HP: 30/33 MP: 2/2
   936 | D:2      | Killed Terence
   936 | D:2      | Reached XP level 4. HP: 21/40 MP: 3/3
  1551 | D:3      | Reached XP level 5. HP: 26/47 MP: 4/4
  2044 | D:4      | Found a shattered altar of Ashenzari.
  2139 | D:4      | Reached skill level 5 in Fighting
  2143 | D:4      | Reached skill level 5 in Armour
  2143 | D:4      | Reached XP level 6. HP: 51/56 MP: 5/5
  2148 | D:4      | Noticed an ogre
  2163 | D:4      | Killed an ogre
  2230 | D:4      | Found a staircase to the Ecumenical Temple.
  2260 | Temple   | Entered the Ecumenical Temple
  2397 | D:4      | Found a radiant altar of Vehumet.
  2442 | D:4      | Found Gegepnich's Book Shop.
  2570 | D:4      | Reached XP level 7. HP: 58/61 MP: 6/6
  2721 | D:5      | Entered Level 5 of the Dungeon
  2778 | D:5      | Found an iron altar of Okawaru.
  2803 | D:5      | Became a worshipper of Warmaster Okawaru
  2867 | D:5      | Reached skill level 5 in Shields
  2904 | D:5      | Got a faintly glowing ring mail
  2920 | D:5      | Reached skill level 5 in Maces & Flails
  2928 | D:5      | Found a sand-covered staircase.
  2948 | Ossuary  | Entered an ossuary
  2996 | Ossuary  | Reached skill level 6 in Fighting
  3059 | Ossuary  | Acquired Okawaru's first power
  3117 | Ossuary  | Reached XP level 8. HP: 70/70 MP: 7/7
  3213 | D:5      | Found a sacrificial altar of Ru.
  3332 | D:5      | Identified the cursed +1 ring mail of the Bagpipe {rF+ rC- Regen+ Slay+3} (You found it on level 5 of the Dungeon)
  3377 | D:5      | Reached skill level 5 in Dodging
  3564 | D:6      | Found Gozag's Platinum Reserve.
  3585 | D:6      | Reached skill level 7 in Fighting
  3604 | D:6      | Found an opulent altar of Gozag.
  3681 | D:6      | Found an iron altar of Okawaru.
  3949 | D:6      | Found a white marble altar of Elyvilon.
  4319 | D:7      | Reached XP level 9. HP: 49/80 MP: 8/8
  4392 | D:7      | Reached skill level 1 in Invocations
  4562 | D:7      | Reached skill level 8 in Fighting
  4671 | D:7      | Found a stormy altar of Qazlal.
  4698 | D:7      | Noticed Prince Ribbit
  4704 | D:7      | Killed Prince Ribbit
  4942 | D:7      | Found a sparkling altar of Nemelex Xobeh.
  5124 | D:7      | Found a deep blue altar of Sif Muna.
  5131 | D:7      | Reached skill level 9 in Fighting
  5602 | D:8      | Reached XP level 10. HP: 47/91 MP: 12/12
  5616 | D:8      | Found a staircase to the Lair.
  5680 | D:8      | Found a flagged portal.
  5692 | D:8      | Reached skill level 5 in Invocations
  5710 | Bailey   | Entered a bailey
  6016 | Bailey   | Gained mutation: You can spit weak poison. [potion of beneficial mutation]
  6020 | Bailey   | Noticed an orc knight
  6228 | Bailey   | Reached skill level 10 in Fighting
  6356 | Bailey   | Slain by an orc knight

Vault maps used:
D:1:      saegor_arrival_simple_b
D:2:      uniq_terence, uniq_iyjb
D:4:      overflow_temple_1_default, nicolae_overflow_crystal_walls,
          temple_fountains, serial_shops, nicolae_shop_statue_plus, first_bread,
          kennysheep_generic_room_2
D:5:      overflow_temple_1_default, basic_altar, nicolae_ossuary_entry_ruins
D:6:      okawaru_gym_becter, elyvilon_altar_3, nicolae_gozag_zags_fifth_avenue,
          serial_corexii_hall, corexii_hall_statues_i, corexii_hall_statues_l,
          corexii_hall_statues_u, corexii_hall_statues_x, minmay_crossroads
D:7:      corexii_shack_village, tgw_sif, nemelex_deck, kennysheep_little_box,
          grunt_ogre_cave, uniq_prince_ribbit1
D:8:      bloody_trog, due_lair_maze_entry_diamond, enter_bailey_3,
          lemuel_another_geyser
Temple:   cyrus_temple_forest_13
Ossuary:  ossuary_minmay_four_chambers
Bailey:   bailey_polearm_5, bailey

Action                   |  1- 3 |  4- 6 |  7- 9 | 10-12 || total
-------------------------+-------+-------+-------+-------++-------
Melee: Flail             |    64 |   185 |   506 |   174 ||   929
  Use: Scroll            |     8 |     8 |     8 |     1 ||    25
       Potion            |     1 |       |       |    11 ||    12
 Stab: Invisible         |       |       |       |     3 ||     3
  Eat: Chunk             |       |     6 |    10 |     4 ||    20
